 Dungeon Crawl Stone Soup version 0.29-a0-553-g81b289dbe5 (webtiles) character file.

Game seed: 8035528386007420981

64 grumblor the Skirmisher (level 3, 0/30 HPs)
             Began as a Mummy Fighter on June 6, 2022.
             Killed from afar by Natasha (4 damage)
             ... with a magic dart
             ... on level 2 of the Dungeon.
             The game lasted 00:02:50 (1274 turns).

grumblor the Skirmisher (Mummy Fighter)             Turns: 1274, Time: 00:02:50

Health: 0/30       AC:  7    Str: 21    XL:     3   Next: 91%
Magic:  3/3        EV:  9    Int:  7    God:
Gold:   99         SH:  4    Dex: 11    Spells: 2/2 levels left

rFire   x . .      SeeInvis .   a - +0 war axe
rCold   + . .      Faith    .   c - +0 buckler
rNeg    + + +      Spirit   .   b - +0 scale mail
rPois   ∞          Reflect  .   (no helmet)
rElec   .          Harm     .   (no cloak)
rCorr   .          Rampage  .   (no gloves)
Will    .....                   d - +0 pair of boots
Stlth   ..........              (no amulet)
HPRegen 0.10/turn               (no ring)
MPRegen 0.08/turn               (no ring)

@: no status effects
A: cold resistance 1, negative energy resistance 3, torment resistance 2, heat
vulnerability 1, in touch with death 1, no potions
a: no special abilities


You were on level 2 of the Dungeon.
You visited 1 branch of the dungeon, and saw 2 of its levels.

You collected 99 gold pieces.

Inventory:

Hand Weapons
 a - a +0 war axe (weapon)
Missiles
 e - 5 poisoned darts (quivered)
 h - 5 silver javelins
Armour
 b - a +0 scale mail (worn)
 c - a +0 buckler (worn)
 d - a +0 pair of boots (worn)
Scrolls
 f - a scroll of enchant armour {unknown}
 g - a scroll of identify {unknown}


   Skills:
 * Level 3.7 Fighting
 + Level 2.5 Axes
 * Level 1.1 Throwing
 - Level 2.4 Armour
 - Level 2.4 Shields


You had 2 spell levels left.
You didn't know any spells.
Your spell library contained the following spells:

 Spells                   Type           Power      Damage    Failure   Level
 Apportation              Tloc           0%         N/A       86%         1
 Necrotize                Necr           0%         1d4       86%         1
 Summon Small Mammal      Summ           0%         N/A       86%         1


Dungeon Overview and Level Annotations

Branches:
Dungeon (2/15)

Altars:

Annotations:
D:2 Natasha


Innate Abilities, Weirdness & Mutations

You are immune to poison.
Your flesh is cold resistant. (rC+)
You are immune to negative energy. (rN+++)
You are immune to unholy pain and torment.
You are vulnerable to heat. (rF-)
You are in touch with the powers of death.
You do not drink.


Message History

The sling bullet barely misses you.
You hit the adder but do no damage. You hit the goblin.
You kill the goblin!
The adder bites you. You block the adder's attack.
The goblin attacks as you move away!
The goblin unwields a +0 hunting sling.
The goblin wields a +0 dagger.
You block the goblin's attack. The adder barely misses you. Natasha claws you.
* * * LOW HITPOINT WARNING * * *
You see here 15 gold pieces.
You barely miss Natasha. You hit the adder. You closely miss the ball python.
The adder barely misses you.
The ball python bites you but does no damage.
The ball python grabs you. The ball python constricts you.
* * * LOW HITPOINT WARNING * * *
The adder bites you.
* * * LOW HITPOINT WARNING * * *
Natasha stares at you and mumbles some strange words.
You resist with some effort.
The ball python bites you but does no damage.
The ball python constricts you.
You slash Natasha!
Natasha is heavily wounded.
You miss the adder. You closely miss the ball python.
You block the adder's attack. The ball python barely misses you.
The ball python constricts you. Natasha casts a spell at you.
The magic dart hits you but does no damage.
The adder bites you but does no damage.
The ball python bites you but does no damage.
The ball python constricts you. You block Natasha's attack.
You hit Natasha.
Natasha is almost dead.
You barely miss the adder. You slash the ball python!
You kill the ball python!
The adder bites you.
* * * LOW HITPOINT WARNING * * *
The adder bites you but does no damage. Natasha casts a spell at you.
The magic dart hits you.
You die...

# .# # #.##...
####†....).
#h@lg..#
.........S)......
##########.#.####
.# # .# .# .# .#


You could see Natasha, an adder, a goblin and a frilled lizard.

Vanquished Creatures
  Natasha (D:2)
  2 bats (D:1)
  3 endoplasms (D:1)
  2 giant cockroaches (D:1)
  4 goblins
  2 hobgoblins (D:1)
  6 jackals (D:1)
  A kobold (D:1)
  A quokka (D:1)
  7 ball pythons
  4 frilled lizards (D:1)
  3 rats (D:1)
36 creatures vanquished.

Notes
Turn   | Place    | Note
-------+----------+-------------------------------------------
     0 | D:1      | grumblor the Mummy Fighter began the quest for the Orb.
     0 | D:1      | Reached XP level 1. HP: 18/18 MP: 1/1
   155 | D:1      | Found a faded altar of an unknown god.
   344 | D:1      | Reached XP level 2. HP: 22/24 MP: 2/2
   925 | D:1      | Gained mutation: You are in touch with the powers of death.
                  | [Mummy growth]
   925 | D:1      | Reached XP level 3. HP: 28/29 MP: 3/3
  1264 | D:2      | Noticed Natasha
  1267 | D:2      | Killed Natasha
  1267 | D:2      | Noticed Natasha
  1268 | D:2      | Reached skill level 1 in Throwing
  1274 | D:2      | Killed from afar by Natasha

Illustrated notes

Levels and vault maps discovered:
D:1:      minmay_arrival_five_plusses, layout_loops_corners,
          basic_ecumenical_altar
D:2:      layout_basic, uniq_natasha, uniq_crazy_yiuf_cottage

Skill      XL: |  1  2  3 |
---------------+----------+-----
Axes           | 2 |  2.5
Throwing       | 1 |  1.1
Fighting       | |  3.7
Armour         | |  2.4
Shields        | |  2.4

Action                   || total
-------------------------++-------
Melee: War axe           ||   117
Armor: Scale mail        ||    83
Dodge: Dodged            ||    59
Block: Buckler           ||    32

Table legend: (Time is in decaauts)
 A = Elapsed time spent in this place.
 B = Non-inter-level travel time spent in this place.
 C = Inter-level travel time spent in this place.
 D = Time resting spent in this place.
 E = Time spent auto-exploring this place.
 F = Levels seen in this place.
 G = Mean time per level.
                   A        B        C        D        E       F      G
               +--------+--------+--------+--------+--------+-----+--------+
         Total |   1326 |   1320 |      6 |      0 |   1071 |   2 |  663.0 |
       Dungeon |   1326 |   1320 |      6 |      0 |   1071 |   2 |  663.0 |
               +--------+--------+--------+--------+--------+-----+--------+

Top non-repeatable levels by time:
     D:1: 1311 daAuts
     D:2: 15 daAuts
